 Dungeon Crawl Stone Soup version 0.19.4-8-ga85b6b9 (webtiles) character file.

93 Naow the Magician (level 4, -8/24 HPs)
             Began as a Deep Elf Fire Elementalist on Feb 15, 2017.
             Mangled by a gnoll
             ... wielding a +0 flail
              (11 damage)
             ... on level 2 of the Dungeon.
             The game lasted 00:02:04 (1670 turns).

Naow the Magician (Deep Elf Fire Elementalist)      Turns: 1670, Time: 00:02:05

Health: -8/24      AC: 10    Str:  5    XL:     4   Next: 37%
Magic:  0/12       EV: 13    Int: 21    God:
Gold:   119        SH:  0    Dex: 15    Spells: 1 memorised, 11 levels left

rFire  . . .     SeeInvis .     e - +0 dagger (protect)
rCold  . . .     Gourm    .     a - +0 robe
rNeg   . . .     Faith    .     (no shield)
rPois  .         Spirit   .     (no helmet)
rElec  .         Reflect  .     g - +0 cloak
rCorr  .         Harm     .     (no gloves)
MR     .....                    (no boots)
Stlth  ++........               (no amulet)
                                (no ring)
                                (no ring)

@: protection aura
A: no striking features
a: no special abilities


You were on level 2 of the Dungeon.
You were not hungry.

You visited 1 branch of the dungeon, and saw 2 of its levels.

You collected 119 gold pieces.

Inventory:

Hand Weapons
 e - a +0 dagger of protection (weapon)
Armour
 a - a +0 robe (worn)
 g - a +0 cloak (worn)
Jewellery
 q - an uncursed ring of resist corrosion {unknown}
Scrolls
 d - 2 scrolls of blinking {unknown}
 i - 3 scrolls of identify {unknown}
 j - 2 scrolls of fear {unknown}
 p - a scroll of enchant armour {unknown}
Potions
 f - a potion of lignification {unknown}
 h - a potion of curing {unknown}
 k - a potion of heal wounds {unknown}
 l - a potion of cancellation {unknown}
 m - a potion of mutation {unknown}
 r - a potion of resistance {unknown}
Books
 b - a book of Flames

   Spells                             Type                      Level
   a - Flame Tongue                   Conjuration/Fire             1
   b - Throw Flame                    Conjuration/Fire             2
   c - Conjure Flame                  Conjuration/Fire             3
   d - Inner Flame                    Hexes/Fire                   3
   e - Sticky Flame                   Conjuration/Fire             4
   f - Fireball                       Conjuration/Fire             5
Comestibles
 c - a bread ration
 n - 4 chunks of flesh
 o - 3 fruits


   Skills:
 - Level 2.4 Dodging
 - Level 2.4 Stealth
 + Level 4.7 Spellcasting
 + Level 2.5 Conjurations
 + Level 4.1 Fire Magic


You had 11 spell levels left.
You knew the following spells:

 Your Spells              Type           Power        Failure   Level  Hunger
a - Flame Tongue          Conj/Fire      ###..        2%          1    None


Dungeon Overview and Level Annotations

Branches:
Dungeon (2/15)

Altars:
The Shining One


Message History

You hit the gnoll.
Your weapon exudes an aura of protection.
The gnoll is severely wounded.
The gnoll hits you but does no damage.
Casting: Flame Tongue
Confirm with . or Enter, or press ? or * to list all spells.
Aiming: Flame Tongue
Press: ? - help, Shift-Dir - straight line, f/p - gnoll
Aim: a gnoll, wielding a flail (severely wounded)
The flame tongue hits the gnoll.
You kill the gnoll!
You barely miss the gnoll. The gnoll barely misses you.
Your magical contamination has completely faded away.
You barely miss the gnoll. The gnoll hits you with a flail!
* * * LOW HITPOINT WARNING * * *
You hit the gnoll.
Your weapon exudes an aura of protection.
The gnoll is lightly wounded.
The gnoll hits you with a flail!
You die...

#.# ##.## #.# #.(.#
####.#### #...#
#.......### #...#
#.........#####..)##
...##...##..#.#.........
....g).g##.....(.)......
#g##..#.#.........
#@##.##.#####...##
#.......# #...#
####.#### #...#
########.# #...#
.........# ##.###
#.######## ####.###
#.....## ####.#.....
###.....###..


You could see 2 gnolls.

Vanquished Creatures
  3 gnolls
  3 adders
  A worm (D:1)
  A dart slug (D:1)
  A leopard gecko (D:2)
  3 giant cockroaches (D:1)
  4 goblins
  2 hobgoblins (D:2)
  A jackal (D:1)
  A quokka (D:2)
  A ball python (D:2)
  5 bats
  A frilled lizard (D:2)
  5 kobolds
  6 rats
38 creatures vanquished.

Notes
Turn   | Place    | Note
-------+----------+-------------------------------------------
     0 | D:1      | Naow the Deep Elf Fire Elementalist began the quest for the Orb.
     0 | D:1      | Reached XP level 1. HP: 10/10 MP: 6/6
   188 | D:1      | Reached XP level 2. HP: 15/15 MP: 3/8
   682 | D:1      | Reached XP level 3. HP: 19/19 MP: 7/10
  1375 | D:2      | Found a glowing golden altar of the Shining One.
  1563 | D:2      | Reached XP level 4. HP: 24/24 MP: 8/12
  1670 | D:2      | Mangled by a gnoll

Skill      XL: |  1  2  3  4 |
---------------+-------------+-----
Spellcasting   | 4 |  4.7
Conjurations   | 2 |  2.5
Fire Magic     | 4 |  4.1
Dodging        | |  2.4
Stealth        | |  2.4

Action                   |  1- 3 |  4- 6 || total
-------------------------+-------+-------++-------
Melee: Unarmed           |     1 |       ||     1
       Dagger            |     1 |    10 ||    11
 Cast: Flame Tongue      |    63 |    16 ||    79
  Eat: Chunk             |     2 |       ||     2
Armor: Robe              |     8 |     3 ||    11
Dodge: Dodged            |    21 |     7 ||    28
